Unix NetHack Version 5.0.0-0 post-release - last build Jul 19 2026 19:10:59 (3aa4ab31751d3886436d94b585a96704892fd477,branch:main).

Game began 2026-07-24 19:39:59, ended 2026-07-24 20:46:10.

Anarchos, lawful female dwarven Valkyrie

 ------------
 |..........|
 |..........|     ----------
 |..........|     |........|#
 |..........|     |........|###################
 |...........#####|......<.|#    -.-----------#
 ----.-------    #-.-.------#    |C.........C|##
     ##          ######[#########|.....C.....| #
      #              #          #|...-----...| #
      ####       #####          #|...| {.|...| fd#
         #####   #              #|..C.{.{|C..|   @  - -----------
             ########           #|...| {.|...| #q#e.............|
            -----+--.---        #|...-----...-#o     ...........|
            |..........|        #|.....C.....|)#       .........|
            |.......>..|        #|C.........C|#        ----------
            |^.........|        #-------------#
            |..........|        #######)#######
            |..........|
            ------------

Anarchos the Skirmisher     St:18/04 Dx:9 Co:16 In:9 Wi:11 Ch:9  Lawful
Dlvl:5  $:68 HP:0(52) Pw:10(10) AC:5  Xp:5 T:3917 

Latest messages:
 You kill the floating eye!
 You swap places with your little dog.
 m - a flail.
 M - a club.
 z - an orcish dagger.
 b - a +0 dagger.
 X - a war hammer.
 The mountain nymph appears close by!
 The little dog bites the mountain nymph.
 The mountain nymph pretends to be friendly to the little dog.
 The mountain nymph smiles at the little dog engagingly.
 The little dog misses the mountain nymph.
 You swap places with your little dog.
 The little dog drops an orcish dagger.
 z - an orcish dagger (2 in total).
 You swap places with your little dog.
 You swap places with your little dog.
 You swap places with your little dog.
 You miss the floating eye.
 You are frozen by the floating eye's gaze!
 The mountain nymph removes your ring of stealth (from left hand).
 She stole a ring of stealth.
 The mountain nymph takes off your uncursed +3 small shield.
 She stole an uncursed +3 small shield.
 The mountain nymph stole 2 scrolls labeled XOR OTA.
 The mountain nymph tries to snatch your mail but gives up.
 The mountain nymph vanishes!
 The goblin throws an orcish dagger!
 The orcish dagger hits the rothe.
 The rothe hits!
 The rothe bites!
 The rothe bites again!
 The rothe hits!
 The rothe bites!
 The rothe misses!
 The rothe hits!
 The rothe bites!
 The rothe bites again!
 The rothe hits!
 The rothe bites!
 The rothe bites again!
 The rothe hits!
 The rothe bites!
 The rothe bites again!
 The rothe hits!
 The rothe bites!
 The rothe bites again!
 The rothe hits!
 You die...
 Do you want your possessions identified? [ynq] (y) q

Inventory:
 Coins    ('$')
  $ - 68 gold pieces
 Weapons  (')')
  b - a +0 dagger
  a - a very rusty +1 dwarvish spear (weapon in right hand)
  z - 2 +0 orcish daggers
  g - a cursed corroded +1 orcish dagger (at the ready)
  M - a +0 club
  m - a +1 flail
  X - a +0 war hammer
 Armor    ('[')
  f - an uncursed +0 orcish helm
  e - an uncursed +0 chain mail (being worn)
 Comestibles  ('%')
  E - an uncursed food ration
  l - 2 uncursed lichen corpses
 Scrolls  ('?')
  U - an uncursed scroll of enchant weapon
  N - an uncursed scroll of remove curse
 Spellbooks  ('+')
  t - an uncursed spellbook of charm monster
  P - an uncursed spellbook of detect food
 Potions  ('!')
  h - a cursed potion of full healing
  o - a cursed potion of hallucination
  D - an uncursed potion of healing
  W - a cursed potion of polymorph
 Rings    ('=')
  Y - an uncursed ring of conflict
 Gems/Stones  ('*')
  u - a cursed worthless piece of green glass
  I - an uncursed worthless piece of orange glass
  i - 2 uncursed worthless pieces of white glass
  T - an uncursed worthless piece of yellow glass

Anarchos the Valkyrie's attributes:

Background:
 You were a Skirmisher, a level 5 dwarven Valkyrie.
 You were lawful, nominally on a mission for Tyr
 who was opposed by Odin (neutral) and Loki (chaotic).
 You were right-handed.
 You were in the Dungeons of Doom, on level 5.
 You entered the dungeon 3917 turns ago.
 You had 318 experience points, 2 more were needed to attain level 6.

Basics:
 You had 0 out of 52 hit points.
 You had all 10 energy points (spell power).
 Your armor class was 5.
 Your wallet contained 68 zorkmids.
 Autopickup was on for all types.

Final Characteristics:
 Your strength was 18/04 (limit:18/100).
 Your dexterity was 9 (limit:20).
 Your constitution was 16 (limit:20).
 Your intelligence was 9 (limit:16).
 Your wisdom was 11 (limit:16).
 Your charisma was 9 (limit:16).

Final Status:
 You weren't hungry.
 You were unencumbered.
 You were wielding a spear.
 You had basic skill with spear.

Final Attributes:
 You were piously aligned.
 You were cold resistant.
 You were telepathic.
 You had infravision.
 You were stealthy.
 You were warded.
 You are dead.

Miscellaneous:
 You didn't encounter any bones levels.
 Total elapsed playing time was 1 hour, 6 minutes and 9 seconds.

Major events:
 Turn
    1: Anarchos the lawful dwarven Valkyrie entered the dungeon
 1456: attained the rank of Skirmisher (level 3)
 3917: killed by a rothe, while frozen by a floating eye's gaze

You didn't know any spells.

Skills:
 Fighting Skills
   bare handed combat [Unskilled]
   two weapon combat  [Unskilled]
   riding             [Unskilled]
 Weapon Skills
   dagger             [Basic]
   axe                [Unskilled]
   pick-axe           [Unskilled]
   short sword        [Unskilled]
   broadsword         [Unskilled]
   long sword         [Unskilled]
   two-handed sword   [Unskilled]
   saber              [Unskilled]
   hammer             [Unskilled]
   quarterstaff       [Unskilled]
   polearms           [Unskilled]
   spear              [Basic]
   trident            [Unskilled]
   lance              [Unskilled]
   sling              [Unskilled]
 Spellcasting Skills
   attack spells      [Unskilled]
   escape spells      [Unskilled]

Voluntary challenges:
 Character rerolling was not enabled.
 You were an atheist.
 You never genocided any monsters.
 You never polymorphed an object.
 You used no wishes.
Achievements:
 You entered a shop.
 You attained the rank of Skirmisher.

 The Dungeons of Doom: levels 1 to 5
    Level 1:
    Level 2:
       A general store, a fountain, a sink.
    Level 3:
       A fountain.
    Level 4:
       A general store.
    Level 5: <- You were here.
       Many fountains.
       Final resting place for
          you, killed by a rothe, while frozen by a floating eye's gaze.


Vanquished creatures:
  2 small mimics
  a dingo
  a rock mole
  3 shriekers
  3 elf zombies
  a floating eye
  2 homunculi
  a kobold leader
  2 rothes
  a centipede
  2 iguanas
 an acid blob
  a coyote
  a gas spore
  a large kobold
  a giant rat
  2 red molds
  a gecko
  7 jackals
  a kobold
  5 goblins
  2 sewer rats
  8 grid bugs
  4 lichens
  4 newts
58 creatures vanquished.

No species were genocided or became extinct.

Game over:
                       ----------
                      /          \
                     /    REST    \
                    /      IN      \
                   /     PEACE      \
                  /                  \
                  |     Anarchos     |
                  |      68 Au       |
                  |   killed by a    |
                  |      rothe       |
                  |                  |
                  |                  |
                  |       2026       |
                 *|     *  *  *      | *
        _________)/\\_//(\/(/\)/\//\/|_)_______

Farvel Anarchos the Valkyrie...

You died in The Dungeons of Doom on dungeon level 5 with 1554 points,
and 68 pieces of gold, after 3917 moves.
You were level 5 with a maximum of 52 hit points when you died.

